Map: Overgrowth LE (Void)

Players

LegaCy

  • Race: Zerg Zerg
  • League: Diamond
  • Spawn Location: 1:00

Trizztein - Winner!

  • Race: Terran Terran
  • League: Diamond
  • Spawn Location: 7:00

VOD

Have the link to the VOD?

Description

Time

  • Played on: Dec. 14, 2016, 7:35 p.m.
  • Length: 13:27
Show
View Real Time Build Order
Export as new Build Order

LegaCy Zerg 

Build Orders: Hatch First 

Get SALT Encoding   

  12  0:01  Drone  
  13  0:13  Overlord  
  13  0:18  Drone  
  14  0:32  Drone x2  
  16  0:36  Drone  
  17  0:53  Hatchery  
  16  1:08  Spawning Pool  
  16  1:09  Drone  
  16  1:15  Drone  
  17  1:22  Drone x2  
  17  1:25  Extractor  
  18  1:31  Overlord  
  18  1:55  Zergling x2  
  18  1:59  Queen  
  21  2:03  Drone  
  21  2:05  Queen  
  21  2:07  Drone x2  
  26  2:18  Drone x2  
  28  2:31  Spine Crawler  
  26  2:51  Drone x3  
  26  2:52  Overlord, Drone  
  30  2:59  Drone  
  31  3:16  Drone x6  
  37  3:31  Zergling x8  
  41  3:34  Metabolic Boost  
  41  3:37  Drone  
  41  3:40  Baneling Nest  
  40  3:43  Overlord  
  40  3:48  Zergling x2  
  40  3:49  Zergling x2  
  42  4:04  Overlord  
  42  4:05  Zergling x2  
  42  4:06  Zergling x10  
  48  4:21  Drone x3  
  48  4:23  Spine Crawler  
  50  4:28  Overlord  
  50  4:36  Zergling x2  
  50  4:37  Zergling x10  
  56  4:43  Overlord  
  56  4:45  Drone  
  57  4:47  Extractor  
  57  4:52  Evolution Chamber  
  55  4:53  Evolution Chamber  
  55  5:00  Drone x5  
  55  5:02  Lair  
  59  5:23  Zerg Melee Weapons Level 1  
  59  5:24  Zerg Ground Armor Level 1  
  59  5:32  Overlord  
  59  5:35  Drone x3  
  61  5:36  Drone x4  
  61  5:39  Hatchery  
  61  5:42  Spore Crawler  
  64  5:43  Spore Crawler  
  64  5:45  Spore Crawler  
  62  5:51  Spore Crawler  
  55  6:32  Extractor, Drone x3  
  56  6:41  Drone x5  
  56  6:42  Drone  
  56  6:46  Spire  
  60  6:52  Queen  
  62  7:11  Spore Crawler  
  48  7:17  Drone x3  
  47  7:29  Spine Crawler  
  45  7:35  Spine Crawler  
  43  7:47  Extractor, Drone x4  
  43  7:48  Overlord  
  43  7:49  Overlord  
  46  7:52  Zerg Melee Weapons Level 2  
  46  7:53  Zerg Ground Armor Level 2  
  46  7:59  Mutalisk  
  46  8:00  Mutalisk x2  
  52  8:10  Mutalisk  
  54  8:16  Zergling x18  
  54  8:17  Zergling x10  
  60  9:03  Mutalisk x4  
  60  9:24  Mutalisk x3  
  66  9:35  Mutalisk  
  66  9:40  Hatchery  
  65  9:48  Zergling x8  
  65  9:49  Zergling x4  
  71  10:03  Mutalisk  
  71  10:04  Mutalisk x2  
  77  10:07  Hatchery  
  77  10:08  Drone x3  
  79  10:15  Zergling x2  
  72  10:51  Mutalisk x5  
  51  11:35  Mutalisk x3  
  57  11:40  Queen  
  57  11:41  Drone x2  
  57  11:42  Drone  
  52  11:58  Drone  
  33  12:43  Drone x3  
  25  13:11  Extractor  
Show
View Real Time Build Order
Export as new Build Order

Trizztein Terran - Winner!

Build Orders: Reaper Expand, Hellion Banshee 

Get SALT Encoding   

  12  0:00  SCV  
  13  0:12  SCV  
  14  0:17  Supply Depot  
  14  0:25  SCV  
  15  0:39  SCV  
  15  0:42  Barracks  
  16  0:48  Refinery  
  16  0:51  SCV  
  17  1:03  SCV  
  18  1:15  SCV  
  19  1:29  Orbital Command  
  19  1:33  Reaper  
  20  1:40  Command Center  
  20  1:47  Supply Depot  
  20  1:55  SCV  
  21  2:05  Marine  
  22  2:09  SCV  
  22  2:11  Factory  
  22  2:14  Refinery  
  23  2:21  SCV  
  24  2:27  Barracks Reactor  
  24  2:37  SCV  
  25  2:49  SCV  
  26  2:57  Orbital Command  
  26  3:01  SCV  
  27  3:10  Hellion x2  
  31  3:22  SCV  
  31  3:26  SCV  
  33  3:34  SCV, Starport  
  34  3:41  Hellion  
  34  3:42  Hellion, SCV  
  34  3:46  SCV  
  34  3:47  Supply Depot  
  40  3:52  Barracks Tech Lab  
  40  3:54  SCV  
  41  3:58  SCV  
  42  4:03  Hellion x2  
  42  4:09  SCV  
  47  4:10  SCV  
  47  4:16  Armory  
  48  4:21  SCV  
  48  4:22  SCV  
  50  4:29  Cloaking Field, Banshee  
  53  4:33  Supply Depot, SCV  
  53  4:37  Command Center  
  54  4:47  Supply Depot  
  54  4:49  Bunker  
  54  4:52  Engineering Bay  
  54  4:54  Supply Depot  
  54  4:55  Hellion, SCV x2  
  58  5:07  SCV x2  
  58  5:12  Banshee  
  58  5:14  Supply Depot  
  63  5:18  Widow Mine x2  
  63  5:19  SCV x2  
  69  5:28  Engineering Bay  
  69  5:31  SCV x2  
  71  5:36  Supply Depot  
  71  5:37  Supply Depot  
  71  5:41  Factory  
  71  5:42  Factory  
  71  5:43  SCV  
  71  5:45  SCV  
  73  5:50  Barracks Reactor  
  73  5:55  SCV, Banshee  
  78  6:04  SCV  
  78  6:08  SCV  
  79  6:21  SCV x2  
  78  6:25  Supply Depot  
  78  6:27  Supply Depot  
  78  6:32  Factory Tech Lab  
  78  6:33  SCV x2  
  80  6:40  Banshee  
  80  6:45  SCV x2  
  80  6:46  Orbital Command  
  85  6:49  Refinery  
  85  6:50  Refinery  
  85  6:57  SCV x2  
  87  7:06  Supply Depot  
  87  7:07  Cyclone x4  
  97  7:09  Supply Depot, SCV x2  
  98  7:29  Orbital Command  
  98  7:31  Terran Vehicle Weapons Level 1  
  98  7:32  SCV x2  
  100  7:38  Armory  
  100  7:40  Supply Depot  
  100  7:42  Supply Depot  
  97  7:46  Hellion x2  
  97  7:48  Cyclone  
  101  8:08  Siege Tank  
  101  8:09  Hellion x2  
  108  8:13  Refinery  
  108  8:14  Hellion  
  108  8:16  Refinery  
  110  8:26  Hellion  
  112  8:27  Missile Turret  
  112  8:30  Missile Turret, Cyclone x2  
  112  8:31  Missile Turret  
  112  8:32  Missile Turret  
  112  8:33  Missile Turret  
  116  8:36  Missile Turret  
  110  8:48  Hellion  
  110  8:49  Hellion x2  
  97  9:02  Hellion  
  97  9:03  Hellion  
  97  9:07  SCV  
  85  9:10  SCV  
  85  9:14  Hellion  
  85  9:15  Hellion x2  
  85  9:16  Terran Vehicle And Ship Armor Level 1  
  92  9:19  SCV  
  92  9:22  SCV  
  96  9:24  Hellion  
  96  9:31  SCV  
  96  9:34  SCV  
  97  9:43  Command Center, Siege Tank  
  97  9:44  Hellion, Cyclone x2  
  97  9:45  Hellion, Command Center  
  110  9:56  Supply Depot x2  
  110  9:57  Supply Depot  
  110  10:05  Infernal Pre-Igniter  
  110  10:17  Starport, Siege Tank  
  110  10:18  Hellion, Cyclone  
  110  10:19  Hellion  
  110  10:21  Starport Reactor  
  120  10:23  Missile Turret  
  117  10:29  SCV x2  
  111  10:37  Cyclone  
  111  10:41  SCV x2  
  115  10:47  Cyclone  
  118  10:53  SCV  
  115  11:16  Cyclone  
  112  11:30  Missile Turret  
  112  11:32  Missile Turret x2  
  106  11:57  Missile Turret x2  
  106  11:59  Missile Turret  
  106  12:00  Refinery  
  106  12:01  Missile Turret  
  106  12:02  Refinery  
  106  12:26  Armory  
  106  12:28  Planetary Fortress, Armory  
  106  12:34  SCV x3  
  94  12:46  SCV  
  93  12:52  Missile Turret  
  93  12:54  SCV x2  
  93  12:58  SCV  
  93  13:06  SCV  
  93  13:07  SCV  
  93  13:08  Engineering Bay  
  93  13:10  SCV  
Tags
 
Add a new tag
Caveats
  • Supply blocks, unpowered buildings, or Contaminate may cause inaccurate times.
  • Supply counts are checked every 10 seconds.